Map: Frozen Temple

Players

Fropez - Winner!

  • Race: Protoss Protoss
  • League: Gold
  • Spawn Location: 11:00

MrWin

  • Race: Terran Terran
  • League: Diamond
  • Spawn Location: 5:00

VOD

Have the link to the VOD?

Description

Time

  • Played on: Nov. 17, 2016, 9:09 p.m.
  • Length: 12:45
Show
View Real Time Build Order
Export as new Build Order

Fropez Protoss - Winner!

Build Orders:  

Get SALT Encoding   

  12  0:01  Probe (Chrono Boost)  
  13  0:11  Probe (Chrono Boost)  
  14  0:19  Pylon  
  14  0:22  Probe (Chrono Boost)  
  15  0:30  Assimilator  
  15  0:37  Probe (Chrono Boost)  
  16  0:43  Gateway  
  16  0:53  Probe (Chrono Boost)  
  17  1:02  Gateway  
  17  1:04  Probe (Chrono Boost)  
  18  1:11  Assimilator  
  18  1:14  Probe (Chrono Boost)  
  19  1:37  Probe (Chrono Boost), Cybernetics Core  
  20  1:47  Probe (Chrono Boost)  
  20  1:49  Pylon  
  21  2:11  Pylon  
  22  2:18  Mothership Core (Chrono Boost)  
  22  2:27  Adept x2  
  22  2:29  Warp Gate (Chrono Boost)  
  26  2:46  Nexus  
  27  3:20  Probe (Chrono Boost)  
  27  3:23  Stalker x2  
  31  3:31  Probe  
  32  3:43  Probe  
  33  3:56  Probe  
  34  4:08  Probe  
  35  4:12  Probe  
  36  4:20  Probe  
  37  4:30  Pylon  
  37  4:33  Pylon  
  37  4:34  Adept x2  
  41  4:57  Adept x2  
  43  5:34  Adept x2  
  45  5:44  Pylon  
  45  5:49  Gateway  
  45  5:50  Gateway  
  45  5:54  Forge  
  45  5:55  Twilight Council  
  45  6:04  Pylon  
  45  6:07  Adept x2  
  43  6:30  Adept x2  
  45  6:45  Resonating Glaives (Chrono Boost)  
  45  6:46  Protoss Ground Weapons Level 1  
  45  6:54  Adept x4, Probe  
  45  6:55  Probe  
  53  7:02  Nexus  
  53  7:06  Assimilator  
  53  7:07  Assimilator  
  53  7:11  Pylon  
  53  7:15  Pylon  
  49  7:31  Adept x3  
  49  7:32  Adept  
  49  7:36  Probe  
  57  7:38  Probe  
  57  7:40  Assimilator  
  57  7:42  Assimilator  
  59  7:46  Mothership Core  
  59  7:50  Probe  
  59  7:51  Pylon  
  62  7:55  Adept  
  62  7:56  Adept x3  
  62  7:58  Gateway  
  63  8:41  Adept x4  
  69  9:02  Stalker x2  
  73  9:03  Stalker  
  73  9:11  Probe x2  
  73  9:13  Probe  
  76  9:24  Stalker x2  
  80  9:26  Stalker x2  
  80  9:27  Stalker  
  86  9:38  Pylon  
  86  9:40  Pylon  
  86  9:43  Pylon  
  86  9:45  Probe  
  86  9:46  Probe  
  86  9:48  Photon Cannon, Templar Archives  
  88  10:06  Stalker x4  
  88  10:07  Stalker  
  98  10:11  Probe x2  
  98  10:12  Probe  
  101  10:19  Photon Cannon  
  101  10:21  Pylon  
  93  11:09  High Templar x2  
  85  11:13  Pylon  
  85  11:16  Pylon  
  81  11:25  Nexus  
  81  11:29  High Templar, Assimilator  
  81  11:30  Assimilator  
  77  11:34  Pylon  
  77  11:36  Pylon  
  73  11:40  Pylon  
  73  11:41  Photon Cannon  
  73  11:44  Photon Cannon  
  73  11:46  Photon Cannon  
  73  11:55  Photon Cannon, Stalker x3  
  73  12:00  Archon  
  79  12:04  High Templar  
  81  12:10  Archon  
  81  12:18  Probe  
  81  12:19  Probe, Gateway  
  81  12:20  Photon Cannon  
  83  12:24  High Templar  
Show
View Real Time Build Order
Export as new Build Order

MrWin Terran 

Build Orders:  

Get SALT Encoding   

  12  0:00  SCV  
  13  0:13  SCV  
  14  0:22  Supply Depot  
  14  0:25  SCV  
  15  0:43  SCV  
  15  0:44  Refinery  
  15  0:45  Barracks  
  16  0:55  SCV  
  17  1:07  SCV, Supply Depot  
  18  1:19  SCV  
  19  1:32  SCV  
  20  1:45  Reaper  
  22  1:48  Orbital Command  
  21  1:55  Command Center  
  21  2:14  Refinery  
  21  2:23  SCV  
  22  2:35  Barracks  
  22  2:36  SCV  
  23  2:37  Barracks Reactor  
  23  2:48  SCV  
  24  3:00  SCV  
  25  3:12  SCV  
  26  3:14  Orbital Command  
  26  3:15  Marine  
  26  3:16  Marine  
  27  3:23  Factory  
  27  3:25  SCV  
  28  3:27  Barracks Reactor  
  28  3:33  Marine x2  
  27  3:37  SCV  
  23  3:44  Orbital Command  
  21  3:51  Marine x2  
  18  4:02  Marine  
  18  4:03  Marine  
  18  4:04  SCV  
  18  4:09  Marine x2  
  23  4:13  SCV  
  23  4:16  SCV  
  25  4:20  Marine x2  
  27  4:26  SCV  
  27  4:27  Marine  
  27  4:28  SCV  
  30  4:33  Barracks  
  30  4:38  SCV  
  31  4:40  SCV  
  31  4:44  Factory Tech Lab, Starport  
  31  4:45  Marine x3  
  32  4:46  Marine  
  35  4:53  SCV x2  
  37  5:05  SCV x2  
  37  5:06  Engineering Bay  
  41  5:21  Siege Tank  
  41  5:23  Starport Reactor  
  40  5:33  SCV x2  
  42  5:38  Barracks Tech Lab  
  42  5:45  SCV x2  
  44  5:50  Command Center  
  44  5:55  Supply Depot  
  44  5:57  SCV x2  
  46  6:13  Supply Depot  
  46  6:17  SCV x2, Supply Depot  
  41  6:29  Marine x3, SCV x2  
  41  6:30  Marine  
  42  6:32  Marauder  
  42  6:38  Bunker  
  42  6:39  Medivac  
  40  6:44  Medivac  
  42  6:47  Marine x3  
  42  7:14  Marine x4  
  37  7:26  Siege Tank  
  37  7:29  Terran Infantry Weapons Level 1  
  40  7:32  Marine x4  
  40  7:34  Refinery  
  40  7:36  Orbital Command  
  44  7:41  Supply Depot  
  44  7:49  Marine  
  44  7:50  Marine  
  46  7:56  Orbital Command  
  46  8:06  SCV x2  
  42  8:15  Marine x2  
  42  8:18  SCV x2  
  26  8:30  SCV  
  26  8:33  Marine  
  23  8:52  SCV x3  
  25  9:04  SCV x2  
  25  9:05  SCV  
  27  9:16  SCV  
  27  9:17  SCV x2, Refinery  
  27  9:18  Marine x4, Refinery  
  27  9:20  Siege Tank  
  34  9:28  SCV, Supply Depot  
  34  9:30  SCV x2  
  37  9:35  Marine  
  38  9:41  SCV  
  38  9:42  SCV  
  38  9:43  Marine x3  
  43  9:48  Terran Infantry Armor Level 1  
  43  9:53  Marine, SCV, Armory  
  45  10:01  Marine x2  
  45  10:05  SCV  
  45  10:06  SCV x2  
  50  10:09  Marine  
  50  10:10  Bunker  
  50  10:11  Marine  
  54  10:14  Marauder  
  54  10:17  SCV  
  54  10:18  SCV  
  56  10:22  SCV  
  56  10:27  Medivac x2  
  61  10:29  SCV  
  39  10:57  Medivac  
  39  11:00  Missile Turret  
  39  11:02  Marine x4  
  31  11:16  Orbital Command  
  31  11:20  Marine x2  
  31  11:25  Orbital Command  
  29  11:37  Marauder  
  28  11:41  SCV  
  28  11:42  SCV  
  30  11:53  SCV  
  31  12:04  SCV  
  31  12:05  SCV  
  33  12:13  Marine x4  
  37  12:15  SCV  
  37  12:19  SCV  
Tags
 
Matchup
PvT
Replay Pack
All Mines
Spawn Locations
Cross Positions
Add a new tag
Caveats
  • Supply blocks, unpowered buildings, or Contaminate may cause inaccurate times.
  • Supply counts are checked every 10 seconds.